Map: Rhoskallian LE

Players

BlackHole - Winner!

  • Race: Terran Terran
  • Spawn Location: 5:00

MattBarry - Winner!

  • Race: Zerg Zerg
  • League: Gold
  • Spawn Location: 6:00

VOD

Have the link to the VOD?

Description

Time

  • Played on: Feb. 10, 2023, 2:21 p.m.
  • Length: 13:16
Show
View Real Time Build Order
Export as new Build Order

BlackHole Terran - Winner!

Build Orders:  

Get SALT Encoding   

  12  0:00  SCV  
  13  0:17  SCV  
  14  0:56  Supply Depot  
  14  0:59  SCV  
  15  1:11  Refinery  
  15  1:12  Supply Depot  
  15  1:26  SCV  
  16  1:31  Barracks  
  16  1:43  SCV  
  17  1:54  Barracks  
  17  2:00  SCV  
  18  2:17  SCV  
  19  2:29  Refinery  
  19  2:34  SCV  
  20  2:50  SCV  
  21  3:00  Barracks Reactor  
  21  3:16  Barracks Reactor  
  21  3:27  Command Center  
  21  3:43  SCV  
  22  4:00  SCV, Refinery  
  22  4:01  Marine  
  22  4:02  Marine  
  25  4:11  Marine x2  
  25  4:17  SCV  
  28  4:26  Marine x2  
  30  4:34  SCV  
  30  4:37  Refinery  
  31  4:52  Barracks  
  31  5:07  Marine x3, SCV  
  35  5:11  Supply Depot  
  35  5:20  Supply Depot  
  35  5:24  SCV  
  36  5:41  SCV  
  37  6:01  Factory  
  37  6:04  SCV  
  38  6:10  Factory, SCV  
  39  6:21  SCV  
  39  6:27  SCV  
  41  6:32  Barracks Tech Lab  
  41  6:33  Marine x2  
  41  6:34  Marine x2  
  41  6:38  SCV  
  46  6:44  SCV  
  47  6:58  Marine x3  
  47  6:59  Marine  
  51  7:04  SCV  
  52  7:12  SCV  
  52  7:19  Hellion x2  
  57  7:21  SCV  
  58  7:33  Factory  
  58  7:38  SCV  
  59  7:49  Hellion  
  61  7:52  Marine  
  62  8:12  Supply Depot  
  62  8:16  Supply Depot  
  62  8:26  Orbital Command  
  62  8:42  Marine, Marauder, Hellion x2  
  62  8:43  Factory Tech Lab  
  62  8:44  Stimpack  
  69  8:54  Orbital Command  
  69  9:02  Marine x3  
  69  9:07  Marine  
  73  9:12  Marauder, Hellion  
  77  9:27  Marine  
  78  9:33  Hellion  
  78  9:34  Marine x2  
  76  9:42  Marauder  
  71  10:12  Marauder  
  71  10:17  Siege Tank  
  71  10:18  Factory Tech Lab x2  
  76  10:24  Marine x3  
  76  10:26  Marine  
  78  10:45  Marauder  
  78  10:49  Marine  
  78  10:56  Marine  
  78  11:33  Marine  
  78  11:34  Concussive Shells  
  78  11:37  Marine x4, Siege Tank x3  
  91  11:44  Supply Depot  
  91  11:45  Supply Depot  
  91  11:49  Supply Depot  
  91  11:50  Supply Depot  
  91  11:51  Supply Depot  
  91  12:02  Marauder  
  93  12:22  Siege Tank x3  
Show
View Real Time Build Order
Export as new Build Order

MattBarry Zerg - Winner!

Build Orders:  

Get SALT Encoding   

  12  0:00  Drone  
  13  0:20  Overlord  
  13  0:30  Drone  
  14  0:47  Drone x2  
  16  0:55  Drone  
  17  1:21  Hatchery  
  17  1:26  Drone  
  17  1:30  Drone  
  17  1:37  Drone  
  19  1:41  Extractor  
  18  1:58  Spawning Pool  
  17  2:04  Drone  
  17  2:08  Drone  
  19  2:21  Drone  
  20  2:39  Drone  
  21  3:04  Queen  
  21  3:05  Queen  
  25  3:10  Zergling x2  
  25  3:11  Zergling x4  
  25  3:19  Drone, Extractor  
  28  3:36  Overlord  
  28  3:37  Overlord  
  28  4:11  Queen  
  28  4:12  Drone x4  
  28  4:13  Drone  
  35  4:21  Roach Warren  
  35  4:25  Drone  
  35  4:34  Drone  
  36  5:12  Evolution Chamber  
  36  5:16  Drone x5  
  36  5:17  Drone  
  41  5:21  Overlord  
  41  5:34  Lair  
  41  6:07  Roach x6  
  51  6:10  Overlord x2  
  51  6:14  Zerg Missile Weapons Level 1  
  51  6:22  Evolution Chamber  
  51  6:27  Metabolic Boost  
  50  6:54  Glial Reconstitution  
  50  6:59  Roach x5  
  43  7:00  Roach  
  60  7:02  Overlord  
  60  7:03  Zergling x2  
  60  7:06  Zergling x4  
  60  7:07  Zergling x2  
  66  7:52  Overseer  
  66  7:53  Roach x2  
  66  7:54  Roach x3  
  76  8:00  Overlord x3  
  75  8:36  Roach  
  75  8:37  Roach x6  
  88  8:53  Extractor  
  88  8:55  Extractor  
  86  9:10  Zergling x6  
  86  9:11  Zergling x2  
  86  9:13  Zergling x6  
  95  9:25  Hatchery  
  85  9:59  Roach x7  
  62  10:10  Roach  
  83  10:12  Zergling x2  
  83  10:13  Zergling x10  
  84  10:44  Drone x3  
  84  10:45  Drone x4  
  89  11:12  Queen  
  89  11:18  Queen  
  95  11:26  Drone x5  
  96  11:58  Drone x4  
  96  11:59  Overlord x2  
  100  12:06  Drone x3  
  100  12:07  Drone  
  104  12:43  Roach x2  
  104  12:44  Roach x7  
Tags
 
League
Gold
Matchup
Co-op
Replay Pack
Multiplayer
Add a new tag
Caveats
  • Supply blocks, unpowered buildings, or Contaminate may cause inaccurate times.
  • Supply counts are checked every 10 seconds.